 Dungeon Crawl Stone Soup version bcrawl-1.40.3b (webtiles) character file.

Game seed: 12867745771498665868

370344 foxfromabyss the Transmogrifier (level 12, -16/97 HPs)
             Began as a Merfolk Transmuter on Dec 11, 2023.
             Was a Believer of Sif Muna.
             Demolished by a hell beast (22 damage)
             ... in a Gauntlet.
             The game lasted 00:13:25 (11281 turns).

foxfromabyss the Transmogrifier (MfTm)             Turns: 11281, Time: 00:13:26

Health: -16/97     AC:  2    Str: 10    XL:     12   Next: 0%
Magic:  17/18      EV: 34    Int: 16    God:    Sif Muna [**....]
Gold:   629        SH:  0    Dex: 23    Spells: 2/19 levels left

rFire    . . .     GDR:     33%   - Fangs (venom) (17.5)
rCold    . . .     SeeInvis .   (shield currently unavailable)
rNeg     + + .     Gourm    .   (armour currently unavailable)
rPois    x         Faith    .   (helmet currently unavailable)
rElec    .         Spirit   .   (cloak currently unavailable)
rCorr    .         Reflect  .   (gloves currently unavailable)
MR       .....     NoTele   +   (boots currently unavailable)
Stlth    ++........             (no amulet)
HPRegen  0.26/turn              H - ring of positive energy
MPRegen  0.16/turn              j - ring of positive energy

@: spider-form
A: tiny, (change form in water), (swift swim), (stealthy swim)
a: End Transformation, Divine Energy, Renounce Religion


You were in a Gauntlet.
You worshipped Sif Muna.
Sif Muna was pleased with you.
You were hungry.
You were a venomous arachnid.
You visited 3 branches of the dungeon, and saw 11 of its levels.
You also visited: Sewer and Gauntlet.

You collected 629 gold pieces.

Inventory:

Missiles
 a - 327 arrows
 E - 35 poisoned tomahawks (quivered)
Armour
 l - the +1 helmet of Lifelessness {MR- rCorr Int+8 Slay-2}
   (You took it off Robin on level 2 of the Dungeon)

   It affects your intelligence (+8).
   It affects your accuracy and damage with ranged weapons and melee attacks
   (-2).
   It affects your resistance to hostile enchantments.
   It provides partial protection from all sources of acid and corrosion.
 m - a +1 robe of cold resistance (melded)
 G - a +0 helmet
Jewellery
 b - an uncursed ring of insulation
 j - a ring of positive energy (right front leg)
 o - an uncursed ring of wizardry
 F - an uncursed ring of resist corrosion
 H - a ring of positive energy (left front leg)
 J - an uncursed amulet of magic regeneration {unknown}
Wands
 r - a wand of random effects (19)
 s - a wand of iceblast (7)
Scrolls
 g - 11 scrolls of teleportation
 h - 2 scrolls of blinking
 i - 6 scrolls of identify
 q - 3 scrolls of revelation
 v - 9 scrolls of remove curse
 w - 2 scrolls of fog {unknown}
 x - 5 scrolls of fear
 y - a scroll of immolation {unknown}
 A - a scroll of enchant weapon {unknown}
 B - 2 scrolls of enchant armour {unknown}
 C - a scroll of vulnerability {unknown}
Potions
 c - 4 potions of mutation {unknown}
 d - 3 potions of lignification
 f - a potion of cancellation {unknown}
 k - 8 potions of heal wounds {unknown}
 n - 5 potions of curing {unknown}
 p - 2 potions of degeneration {unknown}
 t - 3 potions of magic {unknown}
 u - a potion of brilliance {unknown}
 z - 3 potions of haste {unknown}
 D - a potion of might {unknown}
 K - a potion of invisibility {unknown}
Miscellaneous
 I - a sack of spiders
Comestibles
 e - 16 rations {!d}


   Skills:
 + Level 9.7 Fighting
 + Level 11.5 Dodging
 + Level 10.1 Unarmed Combat
 - Level 4.0 Spellcasting
 - Level 3.0 Translocations
 - Level 12.0 Transmutations
 - Level 4.0 Ice Magic


You had 2 spell levels left.
You knew the following spells:

 Your Spells              Type           Power        Failure   Level  Hunger
a - Beastly Appendage     Tmut           #####.       1%          1    None
b - Sticks to Snakes      Tmut           #####...     2%          2    None
c - Spider Form           Tmut/Pois      ###          13%         3    ###....
d - Ice Form              Ice/Tmut       ####....     17%         4    #####..
e - Blade Hands           Tmut           #####.....   11%         5    ######.
f - Blink                 Tloc           N/A          21%         2    None

Your spell library contained the following spells:

 Spells                   Type           Power        Failure   Level  Hunger
 Passwall                 Tmut/Erth      ###.....     9%          2    None
 Freeze                   Ice            ###...       11%         1    None
 Flame Tongue             Conj/Fire      #....        36%         1    None
 Magic Dart               Conj           #...         36%         1    None
 Sting                    Conj/Pois      #...         36%         1    None
 Call Imp                 Summ           #.....       47%         2    None
 Flaming Arrows           Chrm/Fire      #.......     47%         2    None
 Poisonous Vapours        Pois/Air       #.....       47%         2    None
 Ignite Poison            Fire/Tmut/Pois ###.....     24%         3    ###....
 Conjure Flame            Conj/Fire      #.......     67%         3    ###....
 Inner Flame              Hex/Fire       N/A          67%         3    ###....
 Mephitic Cloud           Conj/Pois/Air  #.......     67%         3    ###....
 Stone Arrow              Conj/Erth      #.....       67%         3    ###....
 Olgreb's Toxic Radiance  Pois           #........    95%         4    #####..
 Sticky Flame             Conj/Fire      #.......     95%         4    #####..
 Summon Scorpions         Summ/Pois      #.......     95%         4    #####..
 Bolt of Magma            Conj/Fire/Erth #.........   100%        5    ######.
 Fireball                 Conj/Fire      #.........   100%        5    ######.
 Venom Bolt               Conj/Pois      #.........   100%        5    ######.
 Poison Arrow             Conj/Pois      #.........   100%        6    #######
 Orb of Destruction       Conj           #.........   100%        7    #######


Dungeon Overview and Level Annotations

Branches:
Dungeon (8/12)             Temple (1/1) D:5            Lair (2/6) D:7
  Swamp: Lair:2-4    Shoals: Lair:2-4     Snake: Lair:2-4    Spider: Lair:2-4
    Orc: D:8-11

Altars:
Ashenzari
Cheibriados
Elyvilon
Gozag
Hepliaklqana
Kikubaaqudgha
Makhleb
Nemelex Xobeh
Okawaru
Qazlal
Ru
Sif Muna
Trog
Uskayaw
Vehumet
Wu Jian
Xom
Yredelemnul
Zin
The Shining One

Shops:
D:7 *

Annotations:
D:2 1 runed door Gauntlet 6 transporters


Message History

The minotaur throws a javelin.
The javelin completely misses you. The hell beast barely misses you.
The hell beast completely misses you.
The hell beast completely misses you. x2
Casting: Spider Form (safe; 13% risk of failure)
Confirm with . or Enter, or press ? or * to list all spells.
You create 3 snakes!
You now have arrows for 32 snakes.
The hell beast misses you. x2
The hell beast bites you!!
* * * LOW HITPOINT WARNING * * *
The hell beast tramples you.
* * * LOW HITPOINT WARNING * * *
You stumble backwards!
Your adder bites the hell beast.
Your adder misses the hell beast. The hell beast misses you.
The hell beast completely misses you.
Your adder barely misses the hell beast.
The minotaur throws a javelin.
The javelin hits your ball python!!
Your ball python dies!
The hell beast barely misses you. The hell beast completely misses you.
The hell beast bites you!!
You die...

#8............8⌠8............
#############################
#.©.............©.#
#...............†.#
###.#.#######.#.### #.#....#
...#.# #H#.##.#.##.#.#
#.S...........#
#S#.s##'##..#.# #.#2.# #..#.#
#.S..# ..# ###8.# ####


You could see a hell beast, a minotaur and 2 friendly adders.

Vanquished Creatures
  2 hydras
  A death ooze (Gauntlet)
  A soul eater (Gauntlet)
  A black mamba (Lair:1)
  3 cane toads (Lair:1)
  A komodo dragon (D:8)
  A troll (D:8)
  Grinder (D:3)
  A meliai zombie (D:8)
  A hippogriff (D:7)
  2 wyverns (Lair:2)
  11 yaks
  A spriggan (D:7)
  Eustachio (D:4)
  2 hungry ghosts (D:6)
  4 water moccasins
  2 crocodiles
  2 hell hounds (Gauntlet)
  4 porcupines
  5 sky beasts
  4 orc warriors
  3 black bears
  2 ice beasts
  A necrophage (D:8)
  2 ogres
  Blork the orc (D:4)
  11 bullfrogs
  2 centaurs (D:7)
  4 wights (D:6)
  2 howler monkeys
  5 orc priests
  4 crimson imps
  5 hounds
  7 orc wizards
  A bullfrog skeleton (D:7)
  A gnoll shaman (D:7)
  5 iguanas
  Jessica (D:3)
  6 worker ants
  2 hound skeletons
  A hound zombie (D:6)
  Robin (D:2)
  9 gnolls
  13 adders
  8 river rats (Sewer)
  4 shadow imps (Gauntlet)
  2 oozes
  2 adder skeletons
  2 adder zombies
  3 worms (D:2)
  4 dart slugs
  7 leopard geckos
  42 orcs
  2 giant cockroaches
  2 goblins (D:1)
  9 hobgoblins
  8 quokkas
  12 ball pythons (Sewer)
  5 bats
  5 frilled lizards
  A jackal skeleton (D:4)
  11 kobolds
  27 rats
  A plant (Lair:1)
297 creatures vanquished.

Vanquished Creatures (collateral kills)
  A bullfrog (D:7)
  3 orcs
4 creatures vanquished.

Vanquished Creatures (others)
  6 fungi (D:7)
  13 plants
19 creatures vanquished.

Grand Total: 320 creatures vanquished

Notes
Turn   | Place    | Note
-------+----------+-------------------------------------------
     0 | D:1      | foxfromabyss the Merfolk Transmuter began the quest for the
                  | Orb.
     0 | D:1      | Reached XP level 1. HP: 15/15 MP: 3/3
   204 | D:1      | Reached skill level 3 in Transmutations
   265 | D:1      | Reached XP level 2. HP: 21/21 MP: 3/5
   932 | D:2      | Reached XP level 3. HP: 25/26 MP: 5/7
   935 | D:2      | Learned a level 2 spell: Sticks to Snakes
   939 | D:2      | Learned a level 3 spell: Spider Form
  1106 | D:2      | Reached skill level 4 in Transmutations
  1240 | D:2      | Found a snail-covered altar of Cheibriados.
  1273 | D:2      | Identified the +1 helmet of Lifelessness {MR- rCorr Int+8
                  | Slay-2}
  1273 | D:2      | Noticed Robin
  1286 | D:2      | Killed Robin
  1287 | D:2      | Reached XP level 4. HP: 23/32 MP: 5/8
  1520 | D:2      | Found a runed door.
  1592 | D:2      | Found a glowing silver altar of Zin.
  1691 | D:3      | Noticed Jessica
  1701 | D:3      | Killed Jessica
  1744 | D:3      | Reached skill level 5 in Transmutations
  1761 | D:3      | Reached XP level 5. HP: 18/37 MP: 8/10
  1782 | D:3      | Learned a level 4 spell: Ice Form
  1912 | D:3      | Noticed a bullfrog
  1920 | D:3      | Killed a bullfrog
  1921 | D:3      | Reached skill level 1 in Ice Magic
  2307 | D:3      | Found a stormy altar of Qazlal.
  2396 | D:3      | Reached XP level 6. HP: 43/43 MP: 8/11
  2445 | D:3      | Reached skill level 6 in Transmutations
  2605 | D:3      | Noticed Grinder
  2617 | D:3      | Killed Grinder
  2618 | D:3      | Reached skill level 7 in Transmutations
  2618 | D:3      | Reached XP level 7. HP: 44/48 MP: 9/13
  2833 | D:3      | Found a burning altar of Makhleb.
  3155 | D:4      | Noticed Eustachio
  3179 | D:4      | Killed Eustachio
  3180 | D:4      | Reached skill level 8 in Transmutations
  3537 | D:4      | Reached skill level 9 in Transmutations
  3580 | D:4      | Reached XP level 8. HP: 54/54 MP: 9/14
  3686 | D:4      | Noticed Blork the orc
  3694 | D:4      | Reached skill level 10 in Transmutations
  3700 | D:4      | Killed Blork the orc
  3953 | D:4      | Reached skill level 11 in Transmutations
  4129 | D:5      | Entered Level 5 of the Dungeon
  4299 | D:5      | Reached skill level 12 in Transmutations
  4477 | D:5      | Found a glowing drain.
  4495 | Sewer    | Entered a sewer
  4683 | Sewer    | Reached XP level 9. HP: 61/61 MP: 15/15
  4987 | D:5      | Found a staircase to the Ecumenical Temple.
  5009 | Temple   | Entered the Ecumenical Temple
  5389 | Temple   | Became a worshipper of Sif Muna the Loreminder
  5917 | D:6      | Reached skill level 5 in Dodging
  6025 | D:6      | Reached skill level 5 in Unarmed Combat
  6625 | D:6      | Found a sacrificial altar of Ru.
  6634 | D:6      | Found a sparkling altar of Nemelex Xobeh.
  6638 | D:6      | Found an ornate altar of the Wu Jian Council.
  7005 | D:7      | Reached skill level 5 in Fighting
  7217 | D:6      | Reached XP level 10. HP: 41/74 MP: 16/16
  7336 | D:7      | Found a staircase to the Lair.
  7586 | D:7      | Reached * piety under Sif Muna
  7824 | D:7      | Found Cekiaskunid's General Store.
  7853 | D:7      | Found a shattered altar of Ashenzari.
  8148 | D:7      | Found a shattered altar of Ashenzari.
  8891 | D:8      | Identified Jienty's Compendium of the Hurtful Glacier (Sif
                  | Muna gifted it to you on level 8 of the Dungeon)
  8891 | D:8      | Received a gift from Sif Muna
  8892 | D:8      | Reached XP level 11. HP: 82/86 MP: 17/17
  8927 | D:8      | Noticed a five-headed hydra
  8937 | D:8      | Killed a five-headed hydra
  8938 | D:8      | Reached skill level 10 in Dodging
  9555 | Lair:1   | Entered Level 1 of the Lair of Beasts
  9730 | Lair:1   | Learned a level 5 spell: Blade Hands
  9733 | Lair:1   | Learned a level 2 spell: Blink
  9971 | Lair:1   | Reached skill level 1 in Translocations
 10097 | Lair:1   | Reached ** piety under Sif Muna
 10697 | Lair:2   | Found a gate leading to a gauntlet.
 10705 | Lair:2   | Noticed a four-headed hydra
 10717 | Lair:2   | Killed a four-headed hydra
 10722 | Gauntlet | Entered a Gauntlet
 10722 | Gauntlet | Found a transporter.
 10722 | Gauntlet | Found a transporter.
 10859 | Gauntlet | Noticed a death ooze
 10860 | Gauntlet | Found a transporter.
 10864 | Gauntlet | Found a transporter.
 10873 | Gauntlet | Noticed a soul eater
 10874 | Gauntlet | Found a transporter.
 10878 | Gauntlet | Found a transporter.
 10886 | Gauntlet | Noticed a hell beast
 10888 | Gauntlet | Found a transporter.
 10907 | Gauntlet | Noticed a green death
 10909 | Gauntlet | Found a transporter.
 10926 | Gauntlet | Found a transporter.
 10930 | Gauntlet | Found a transporter.
 10930 | Gauntlet | Noticed a tengu warrior
 10942 | Gauntlet | Found a transporter.
 10944 | Gauntlet | Found a transporter.
 10945 | Gauntlet | Found the amulet of the Four Winds {rN+ MR+++ Clar}
 10945 | Gauntlet | Noticed a tengu warrior
 11074 | Gauntlet | Killed a death ooze
 11075 | Gauntlet | Reached skill level 10 in Unarmed Combat
 11153 | Gauntlet | Killed a soul eater
 11262 | Gauntlet | Reached XP level 12. HP: 25/97 MP: 18/18
 11271 | Gauntlet | Noticed a minotaur
 11281 | Gauntlet | Demolished by a hell beast

Skill      XL: |  1  2  3  4  5  6  7  8  9 10 11 |
---------------+----------------------------------+-----
Transmutations | 3 4 5 7 9 12 | 12.0
Spellcasting   | 3 4 |  4.0
Ice Magic      | 1 3 4 |  4.0
Dodging        | 3 7 9 11 | 11.5
Fighting       | 2 5 8 9 |  9.7
Unarmed Combat | 6 8 10 | 10.1
Translocations | 3 |  3.0

Action                   |  1- 3 |  4- 6 |  7- 9 | 10-12 || total
-------------------------+-------+-------+-------+-------++-------
Melee: Unarmed           |   108 |   136 |   395 |   302 ||   941
       Headbutt          |     2 |       |       |       ||     2
       Tailslap          |     1 |       |       |       ||     1
 Cast: Beastly Appendage |    15 |       |       |       ||    15
       Spider Form       |     5 |    16 |     8 |     1 ||    30
       Sticks to Snakes  |       |     1 |     5 |     6 ||    12
       Ice Form          |       |     2 |    16 |     1 ||    19
       Blade Hands       |       |       |       |     1 ||     1
 Abil: End Transformatio |       |       |     3 |       ||     3
  Use: Scroll            |       |       |     5 |       ||     5
 Stab: Sleeping          |     1 |       |       |     2 ||     3
       Distracted        |       |       |       |     1 ||     1
  Eat: Chunk             |     5 |    12 |    27 |    16 ||    60
       Ration            |       |       |     1 |     1 ||     2
Armor: Robe              |    10 |     5 |       |       ||    15
       Skin              |     1 |    13 |   184 |    46 ||   244
Dodge: Dodged            |    80 |   125 |   310 |   267 ||   782
